 Dungeon Crawl Stone Soup version 0.19.3-1-g3169bf9 (webtiles) character file.

7994 Clownie the Cleaver (level 11, -10/72 HPs)
             Began as a Formicid Gladiator on Jan 26, 2017.
             Was an Elder of Makhleb.
             Splashed by Erica's acid (17 damage)
             ... on level 9 of the Dungeon.
             The game lasted 00:18:13 (11713 turns).

Clownie the Cleaver (Formicid Gladiator)           Turns: 11713, Time: 00:18:13

Health: -10/72     AC: 10    Str: 25    XL:     11   Next: 47%
Magic:  16/16      EV: 10    Int:  8    God:    Makhleb [****..]
Gold:   206        SH:  0    Dex: 11    Spells: 0 memorised, 10 levels left

rFire  + + .     SeeInvis +     a - +0 war axe
rCold  . . .     Gourm    .     J - +0 chain mail {rPois}
rNeg   . . .     Faith    .     (no shield)
rPois  +         Spirit   .     (helmet unavailable)
rElec  .         Reflect  .     (no cloak)
rCorr  .         Harm     .     (no gloves)
MR     +....     Clarity  +     g - +2 pair of boots {Fly}
Stlth  ..........               (no amulet)
                                o - ring of protection from fire
                                x - +2 ring of strength

@: corroded, flying
A: permanent stasis, dig shafts and tunnels, four strong arms, antennae 3,
clarity, fire resistance 1, mutation resistance 1
a: Dig, Shaft Self, Minor Destruction, Lesser Servant of Makhleb, Major
Destruction, Renounce Religion, Stop Flying


You were on level 9 of the Dungeon.
You worshipped Makhleb.
Makhleb was greatly pleased with you.
You were not hungry.

You visited 2 branches of the dungeon, and saw 11 of its levels.

You collected 542 gold pieces.
You spent 336 gold pieces at shops.

Inventory:

Hand Weapons
 a - a +0 war axe (weapon)
 b - a +1 flail of crushing
Missiles
 t - 3 throwing nets (quivered)
Armour
 g - a +2 pair of boots of flying (worn)
 J - a +0 chain mail of poison resistance (worn)
Jewellery
 o - a ring of protection from fire (right hand)
 x - a +2 ring of strength (left hand)
Wands
 w - a wand of disintegration (0/24)
Scrolls
 e - a scroll of fear {unknown}
 h - a scroll of magic mapping
 k - a scroll of fog {unknown}
 n - a scroll of vulnerability {unknown}
 p - 2 scrolls of enchant weapon
 s - a scroll of recharging
 u - a scroll of amnesia
 D - a scroll of remove curse
Potions
 l - a potion of degeneration {unknown}
 m - a potion of brilliance
 q - 2 potions of agility
Books
 B - a book of Minor Magic

   Spells                             Type                      Level
   a - Magic Dart                     Conjuration                  1
   b - Blink                          Translocation                2
   c - Call Imp                       Summoning                    2
   d - Repel Missiles                 Charms/Air                   2
   e - Slow                           Hexes                        2
   f - Conjure Flame                  Conjuration/Fire             3
   g - Mephitic Cloud                 Conjuration/Poison/Air       3
Miscellaneous
 i - a sack of spiders
Comestibles
 d - 7 bread rations
 f - 2 fruits
 j - 2 slices of pizza
 r - a royal jelly
 z - a meat ration
 C - 5 beef jerkies


   Skills:
 - Level 2.1 Fighting
 * Level 12.9 Axes
 - Level 2.0 Throwing
 + Level 8.9 Armour
 + Level 3.7 Dodging
 + Level 2.7 Invocations
 - Level 7.0 Evocations


You had 10 spell levels left.
You didn't know any spells.

Dungeon Overview and Level Annotations

Branches:
Dungeon (10/15)            Temple (1/1) D:4            Lair (0/6) D:10
    Orc (0/2) D:9

Altars:
Ashenzari
Cheibriados
Dithmenos
Elyvilon
Fedhas
Hepliaklqana
Kikubaaqudgha
Makhleb
Nemelex Xobeh
Qazlal
Ru
Sif Muna
Trog
Uskayaw
Vehumet
Xom
Yredelemnul
The Shining One

Shops:
D:8 [

Annotations:
D:4 Bybbax's ghost, novice MfEn
D:9 1 runed door, Erica
D:10 Joseph; sheala's ghost, journeyman DECj


Innate Abilities, Weirdness & Mutations

You are under a permanent stasis effect.
You can dig through walls and to a lower floor.
Your four strong arms can wield two-handed weapons with a shield.
You have a pair of large antennae on your head. (SInv)
You possess an exceptional clarity of mind.
Your flesh is heat resistant. (rF+)
You are somewhat resistant to further mutation.


Message History

Erica hits you but does no damage.
You hit Erica but do no damage.
Erica is heavily wounded.
You hit Erica but do no damage.
Erica is heavily wounded.
Erica zaps a wand.
The bolt of acid hits you!
You are splashed with acid!
The acid burns!
It is a wand of acid.
You barely miss Erica.
Erica is heavily wounded.
Erica hits you but does no damage.
You hit Erica.
Erica is heavily wounded.
Erica screams, "Coming here was suicide!
For you!"
Erica hits you with a scimitar of flaming.
You closely miss Erica.
Erica is heavily wounded.
Erica zaps a wand.
The bolt of acid hits you!
* * * LOW HITPOINT WARNING * * *
The acid corrodes you!
You are splashed with acid!
The acid burns!
You die...

#.# #.......#.......(####.##
#.# #.......##.......# #.#.
#.# #.......##.#.#...# #.#.
#.###.......##.......# #.#.
##.#.'.......##.#.#...# #.#.
#....#.......##.....######.#.
#.....####..)[.............#.
#.#.#.######)#######....####.
#...........@@.....'....'..<.
#.#.#.########'###.#....###..
#.....# #.......##.#....# #..
####.## #.......##.#....# ##'
#.# #.......##.#....# #. #.#
#.......##.##...# #. #.#
#.......##'##.#.## #.
##'####.......#.....#..###.
#....#######'##..........#.


You could see Erica.

Vanquished Creatures
  The ghost of Boing the Thaumaturge, a novice DECj of Vehumet (D:9)
  Pikel (D:6)
  A troll (D:9)
  A two-headed ogre (D:7)
  Sigmund (D:4)
  9 yaks
  A wyvern (D:10)
  A steam dragon (D:9)
  2 hungry ghosts
  Edmund (D:4)
  2 water moccasins
  3 orc warriors (D:8)
  2 ice beasts (D:7)
  A sky beast (D:6)
  2 phantoms
  4 ogres
  7 centaurs
  A big kobold (D:5)
  6 bullfrogs
  2 gnoll sergeants
  A water moccasin zombie (D:9)
  A wyvern skeleton (D:6)
  3 scorpions
  8 killer bees (D:9)
  4 crimson imps
  4 howler monkeys
  3 jellies
  A gnoll shaman (D:6)
  2 bullfrog skeletons
  An orc priest (D:9)
  4 hounds
  2 iguanas
  Terence (D:2)
  7 worker ants
  6 orc wizards
  A hound skeleton (D:7)
  A worker ant zombie (D:6)
  22 gnolls
  2 howler monkey skeletons
  14 adders
  4 shadow imps
  2 adder skeletons
  2 adder zombies
  4 worms
  3 dart slugs
  3 leopard geckos
  16 orcs
  2 ball pythons
  7 bats
  5 giant cockroaches
  8 goblins
  5 hobgoblins
  20 jackals
  3 quokkas
  A ball python skeleton (D:4)
  4 frilled lizards
  8 kobolds
  12 rats
246 creatures vanquished.

Vanquished Creatures (others)
  A centaur (D:6)
  3 killer bees (D:10)
  A gnoll (D:6)
  A fulminant prism (D:10)
6 creatures vanquished.

Grand Total: 252 creatures vanquished

Notes
Turn   | Place    | Note
-------+----------+-------------------------------------------
     0 | D:1      | Clownie the Formicid Gladiator began the quest for the Orb.
     0 | D:1      | Reached XP level 1. HP: 16/16 MP: 1/1
   113 | D:1      | Reached XP level 2. HP: 13/22 MP: 2/2
   514 | D:1      | Reached skill level 4 in Axes
   514 | D:1      | Reached XP level 3. HP: 11/27 MP: 3/3
  1065 | D:2      | HP: 1/27 [poisoned by an adder]
  1171 | D:2      | Noticed Terence
  1181 | D:2      | Killed Terence
  1181 | D:2      | Reached XP level 4. HP: 18/33 MP: 4/4
  1379 | D:2      | Reached skill level 5 in Axes
  1772 | D:2      | Reached XP level 5. HP: 37/38 MP: 5/5
  1780 | D:2      | Reached skill level 1 in Armour
  3274 | D:3      | Noticed a centaur
  3282 | D:3      | Killed a centaur
  3282 | D:3      | Reached skill level 6 in Axes
  3282 | D:3      | Reached XP level 6. HP: 16/44 MP: 6/6
  4078 | D:4      | Found a staircase to the Ecumenical Temple.
  4078 | D:4      | Noticed Sigmund
  4093 | D:4      | Gained mutation: You possess an exceptional clarity of mind. [potion of beneficial mutation]
  4120 | D:4      | Killed Sigmund
  4120 | D:4      | Reached skill level 7 in Axes
  4120 | D:4      | Reached XP level 7. HP: 36/50 MP: 7/7
  4145 | Temple   | Entered the Ecumenical Temple
  4168 | Temple   | Became a worshipper of Makhleb the Destroyer
  4368 | D:4      | Noticed Edmund
  4392 | D:4      | Killed Edmund
  4717 | D:4      | Noticed Bybbax's ghost (novice MfEn)
  4729 | D:5      | Entered Level 5 of the Dungeon
  4916 | D:5      | Reached XP level 8. HP: 40/56 MP: 8/8
  5000 | D:5      | Reached skill level 8 in Axes
  5168 | D:6      | Reached * piety under Makhleb
  5266 | D:6      | Reached skill level 5 in Armour
  5513 | D:6      | Reached skill level 9 in Axes
  5513 | D:6      | Reached skill level 1 in Evocations
  5913 | D:6      | Reached XP level 9. HP: 51/61 MP: 10/10
  6087 | D:6      | Gained mutation: Your flesh is heat resistant. (rF+) [potion of beneficial mutation]
  6184 | D:6      | Noticed Pikel
  6195 | D:6      | Killed Pikel
  6195 | D:6      | Reached skill level 10 in Axes
  6658 | D:7      | Found a shimmering altar of Xom.
  6659 | D:7      | Found a blossoming altar of Fedhas.
  6659 | D:7      | Found a radiant altar of Vehumet.
  6663 | D:7      | Found an ancient bone altar of Kikubaaqudgha.
  6663 | D:7      | Found a stormy altar of Qazlal.
  6664 | D:7      | Found a shattered altar of Ashenzari.
  6884 | D:7      | Reached ** piety under Makhleb
  7537 | D:7      | Found a sparkling altar of Nemelex Xobeh.
  7672 | D:7      | Noticed a two-headed ogre
  7678 | D:7      | Reached XP level 10. HP: 65/67 MP: 13/13
  7685 | D:7      | Reached skill level 11 in Axes
  7685 | D:7      | Reached skill level 5 in Evocations
  8167 | D:8      | Found a shadowy altar of Dithmenos.
  8308 | D:8      | Found Siesoukogo's Antique Armour Emporium.
  8470 | D:8      | Bought a pair of embroidered boots for 336 gold pieces
  9400 | D:9      | Found a staircase to the Orcish Mines.
  9418 | D:9      | Noticed Boing's ghost (novice DECj)
  9456 | D:8      | Gained mutation: You are somewhat resistant to further mutation. [potion of beneficial mutation]
  9653 | D:8      | Reached *** piety under Makhleb
  9921 | D:8      | Reached skill level 12 in Axes
 10311 | D:9      | Killed Boing's ghost
 10311 | D:9      | Reached XP level 11. HP: 64/72 MP: 16/16
 10344 | D:9      | Reached skill level 1 in Invocations
 10786 | D:9      | Found a runed door.
 10786 | D:9      | Noticed an eight-headed hydra
 10786 | D:9      | Noticed a glowing orange brain
 10786 | D:9      | Noticed a yaktaur captain
 10788 | D:9      | Noticed a wolf spider
 10788 | D:9      | Noticed a centaur warrior
 10788 | D:9      | Noticed an orc knight
 10788 | D:9      | Noticed a five-headed hydra
 11132 | D:10     | Entered Level 10 of the Dungeon
 11132 | D:10     | Found a staircase to the Lair.
 11155 | D:10     | Noticed sheala's ghost (journeyman DECj)
 11156 | D:10     | Noticed Joseph
 11662 | D:10     | Reached **** piety under Makhleb
 11694 | D:10     | Noticed Erica
 11713 | D:9      | Splashed by Erica's acid

Skill      XL: |  1  2  3  4  5  6  7  8  9 10 11 |
---------------+----------------------------------+-----
Axes           | 4 5 6 7 9 10 12 | 12.9
Armour         | 2 3 4 5 6 8 |  8.9
Evocations     | 2 4 7 |  7.0
Dodging        | 3 |  3.7
Invocations    | 2 |  2.7
Fighting       | |  2.1
Throwing       | |  2.0

Action                   |  1- 3 |  4- 6 |  7- 9 | 10-12 || total
-------------------------+-------+-------+-------+-------++-------
Melee: War axe           |   107 |   176 |   326 |   502 ||  1111
Throw: Throwing net      |       |     4 |     2 |     3 ||     9
 Abil: Dig               |       |       |     2 |       ||     2
       Stop Flying       |       |       |       |     1 ||     1
       Evoke Flight      |       |       |       |     1 ||     1
Evoke: Wand              |       |       |     4 |     5 ||     9
  Use: Potion            |     2 |     4 |     5 |     5 ||    16
       Scroll            |       |     2 |     3 |     6 ||    11
 Stab: Invisible         |       |     1 |     8 |       ||     9
       Held in net/web   |       |       |     2 |       ||     2
  Eat: Chunk             |       |    10 |    13 |    19 ||    42
       Beef jerky        |       |       |       |     2 ||     2
Armor: Leather armour    |    57 |       |       |       ||    57
       Chain mail        |       |   101 |   146 |   267 ||   514
Dodge: Dodged            |   123 |    88 |   184 |   273 ||   668
